 Dungeon Crawl Stone Soup version 0.19.5 (webtiles) character file.

90 Kosschaser the Sneak (level 4, -1/27 HPs)
             Began as a Kobold Assassin on Mar 18, 2017.
             Slain by an orc wizard
             ... wielding a +2 dagger of speed
              (2 damage)
             ... on level 2 of the Dungeon.
             The game lasted 00:06:31 (2480 turns).

Kosschaser the Sneak (Kobold Assassin)              Turns: 2480, Time: 00:06:32

Health: -1/27      AC:  6    Str: 14    XL:     4   Next: 85%
Magic:  4/4        EV: 20    Int: 12    God:
Gold:   145        SH:  0    Dex: 22    Spells: 0 memorised, 3 levels left

rFire  . . .     SeeInvis .     a - +2 dagger
rCold  . . .     Gourm    .     y - +0 robe (curse)
rNeg   . . .     Faith    +     (shield restricted)
rPois  .         Spirit   .     t - +0 helmet
rElec  .         Reflect  .     d - +0 cloak
rCorr  .         Harm     .     w - +0 pair of gloves
MR     .....                    x - +0 pair of boots
Stlth  +++++.....               r - amulet of faith
                                (no ring)
                                j - +6 ring of strength

@: agile, flying
A: carnivore 3
a: no special abilities


You were on level 2 of the Dungeon.
You were not hungry.

You visited 1 branch of the dungeon, and saw 3 of its levels.

You collected 145 gold pieces.

Inventory:

Hand Weapons
 a - a +2 dagger (weapon)
 b - a +0 blowgun
Missiles
 e - 11 poisoned needles
 f - 2 curare-tipped needles
 s - 35 bolts
Armour
 d - a +0 cloak (worn)
 t - a +0 helmet (worn)
 w - a +0 pair of gloves (worn)
 x - a +0 pair of boots (worn)
 y - a cursed +0 robe (worn)
Jewellery
 j - a +6 ring of strength (left hand)
 r - an amulet of faith (around neck)
Scrolls
 c - a scroll of identify {unknown}
 n - 3 scrolls of enchant weapon {unknown}
 p - a scroll of teleportation {unknown}
 q - a scroll of noise {unknown}
 u - 2 scrolls of remove curse {unknown}
Potions
 h - a potion of degeneration {unknown}
 i - a potion of lignification {unknown}
 k - 2 potions of flight
 l - a potion of agility
 m - a potion of cure mutation {unknown}
 o - 2 potions of curing
 v - a potion of resistance {unknown}
Comestibles
 g - a meat ration


   Skills:
 + Level 2.8 Fighting
 + Level 3.9 Short Blades
 + Level 2.1 Throwing
 + Level 1.9 Dodging
 + Level 6.7 Stealth


You had 3 spell levels left.
You didn't know any spells.

Dungeon Overview and Level Annotations

Branches:
Dungeon (3/15)

Altars:
Zin


Innate Abilities, Weirdness & Mutations

You are small and have problems with some larger weapons.
You are carnivorous and can eat meat at any time.


Message History

You hit the orc wizard but do no damage.
The orc wizard is lightly wounded.
The orc wizard completely misses you. The orc wizard barely misses you.
You hit the orc wizard but do no damage.
The orc wizard is lightly wounded.
The orc wizard hits you but does no damage.
You hit the orc wizard.
The orc wizard is moderately wounded.
The orc wizard hits you but does no damage.
The orc wizard completely misses you.
You hit the orc wizard but do no damage.
The orc wizard is moderately wounded.
The orc wizard completely misses you.
You hit the orc wizard.
The orc wizard is heavily wounded.
The orc wizard casts a spell at you. The puff of frost hits you!
* * * LOW HITPOINT WARNING * * *
The orc wizard hits you with a dagger of speed.
You die...

##...<.#..>..## #.........)...##
..)............# ...............#
.(.............# ...............#
##### ...............# #....
...............############ ####.
#..............o@.........## ##
##.....#.....############..######
##########....###########.......
####...)..........#####
##############..###. ##########
##.##.. #...>....# #.....
#........# ####.. #......).###
#.#


You could see an orc wizard.

Vanquished Creatures
  An ooze (D:3)
  2 worms (D:3)
  4 dart slugs
  2 leopard geckos (D:2)
  3 orcs
  4 giant cockroaches
  5 goblins
  11 hobgoblins
  A ball python (D:3)
  11 bats
  6 frilled lizards
  5 kobolds
  10 rats
65 creatures vanquished.

Notes
Turn   | Place    | Note
-------+----------+-------------------------------------------
     0 | D:1      | Kosschaser the Kobold Assassin began the quest for the Orb.
     0 | D:1      | Reached XP level 1. HP: 12/12 MP: 1/1
   273 | D:1      | Reached XP level 2. HP: 16/17 MP: 2/2
   489 | D:1      | Reached skill level 6 in Stealth
   594 | D:1      | Reached XP level 3. HP: 18/22 MP: 3/3
  1025 | D:2      | Found a glowing silver altar of Zin.
  1025 | D:2      | Noticed an angel
  1234 | D:2      | Reached XP level 4. HP: 25/27 MP: 4/4
  2480 | D:2      | HP: 1/27 [orc wizard/puff of frost (3)]
  2480 | D:2      | Slain by an orc wizard

Skill      XL: |  1  2 |
---------------+-------+-----
Stealth        | 6 |  6.7
Short Blades   | 3 |  3.9
Fighting       | |  2.8
Throwing       | |  2.1
Dodging        | |  1.9

Action                   |  1- 3 |  4- 6 || total
-------------------------+-------+-------++-------
Melee: Dagger            |   121 |   118 ||   239
  Use: Potion            |       |     3 ||     3
 Stab: Sleeping          |     9 |     7 ||    16
  Eat: Chunk             |     8 |     1 ||     9
Armor: Robe              |    26 |    25 ||    51
Dodge: Dodged            |    79 |    63 ||   142
